 Dungeon Crawl Stone Soup version 0.21-a0-140-g479285b (webtiles) character file.

1477 drasked the Chiller (level 8, -8/41 HPs)
             Began as a Deep Elf Ice Elementalist on July 21, 2017.
             Was a Follower of Vehumet.
             Mangled by a two-headed ogre
             ... wielding a +0 giant club
              (13 damage)
             ... on level 7 of the Dungeon on July 22, 2017.
             The game lasted 00:53:57 (9140 turns).

drasked the Chiller (Deep Elf Ice Elementalist)     Turns: 9140, Time: 00:53:58

Health: -8/41      AC: 12    Str:  5    XL:     8   Next: 49%
Magic:  1/14       EV: 13    Int: 23    God:    Vehumet [*.....]
Gold:   303        SH:  5    Dex: 15    Spells: 1/13 levels left

rFire    + + .     SeeInvis .   C - +5 dagger of Ashenzari's Pride {freeze, Fragile rElec rF++ rC+}
rCold    + . .     Gourm    .   t - +0 buckler
rNeg     . . .     Faith    .   a - +1 robe
rPois    .         Spirit   .   (no helmet)
rElec    +         Reflect  .   A - +1 cloak
rCorr    .         Harm     .   (no gloves)
MR       +....                  (no boots)
Stlth    ++........             (no amulet)
HPRegen  0.13/turn              l - ring of protection from magic {MR+, !d}
MPRegen  0.14/turn              (no ring)

@: icy armour, very slightly contaminated, slow
A: no striking features
a: Renounce Religion


You were on level 7 of the Dungeon.
You worshipped Vehumet.
Vehumet was aware of your devotion.
You were hungry.

You visited 2 branches of the dungeon, and saw 8 of its levels.

You collected 354 gold pieces.
You spent 51 gold pieces at shops.

Inventory:

Hand Weapons
 g - a +3 short sword of holy wrath
   (You took it off a kobold on level 1 of the Dungeon)
 C - the +5 dagger of Ashenzari's Pride (weapon) {freeze, Fragile rElec rF++ rC+}
   (You found it on level 7 of the Dungeon)

   It has been specially enchanted to freeze those struck by it, causing extra
   injury to most foes and up to half again as much damage against particularly
   susceptible opponents.
   It can also slow down cold-blooded creatures.
   It greatly protects you from fire.
   It protects you from cold.
   It insulates you from electricity.
   It will be destroyed if unequipped.
Missiles
 i - 30 poisoned needles
 y - 7 curare-tipped needles
Armour
 a - a +1 robe (worn)
 t - a +0 buckler (worn)
   (You found it on level 6 of the Dungeon)
 A - a +1 cloak (worn)
   (You took it off Crazy Yiuf on level 6 of the Dungeon)
Magical Staves
 k - an uncursed staff of earth
   (You took it off an orc on level 7 of the Dungeon)
Jewellery
 l - a ring of protection from magic (left hand) {MR+, !d}
   (You found it on level 1 of the Dungeon)
Wands
 r - a wand of confusion (32/48)
   (You found it on level 2 of the Dungeon)
 s - a wand of polymorph (3/24)
   (You found it on level 6 of the Dungeon)
 x - a wand of confusion (17/48)
   (You found it on level 6 of the Dungeon)
 z - a wand of paralysis (13/24)
   (You took it off Ijyb on level 4 of the Dungeon)
Scrolls
 d - a scroll of identify
 e - a scroll of magic mapping {!r}
 u - 2 scrolls of enchant weapon
 w - a scroll of recharging
 D - a scroll of fog
Potions
 f - a potion of curing
 h - 3 potions of mutation {!q}
 j - 4 potions of lignification {!q}
 n - 3 potions of heal wounds {unknown}
 p - a potion of brilliance {unknown}
 q - 2 potions of flight
 v - 2 potions of ambrosia
 B - a potion of haste
Books
 b - a book of Frost
Comestibles
 c - 4 bread rations {@e1}
 m - 2 chunks of flesh {@w0}
 o - 4 fruits


   Skills:
 - Level 2.4 Dodging
 - Level 2.4 Stealth
 + Level 4.0 Shields
 - Level 3.0 Spellcasting
 - Level 3.1 Conjurations
 - Level 5.0 Charms
 - Level 5.1 Summonings
 - Level 7.7 Ice Magic


You had one spell level left.
You knew the following spells:

 Your Spells              Type           Power        Failure   Level  Hunger
a - Freeze                Ice            ####         1%          1    None
b - Summon Ice Beast      Ice/Summ       ####....     9%          4    ####...
x - Throw Icicle          Conj/Ice       ####....     12%         4    ####...
A - Ozocubu's Armour      Chrm/Ice       ####....     2%          3    ###....


Dungeon Overview and Level Annotations

Branches:
Dungeon (7/15)             Temple (1/1) D:5

Altars:
Ashenzari
Cheibriados
Dithmenos
Elyvilon
Fedhas
Gozag
Hepliaklqana
Kikubaaqudgha
Makhleb
Nemelex Xobeh
Okawaru
Qazlal
Ru
Sif Muna
Trog
Vehumet
Wu Jian
Xom
Zin
The Shining One

Shops:
D:2 *   D:6 *


Message History

The crimson imp hits you but does no damage.
You hit the crimson imp. You freeze the crimson imp.
You block the crimson imp's attack.
You hit the crimson imp. You freeze the crimson imp.
You kill the crimson imp!
Vehumet accepts your kill.
You feel your power returning.
Your Shields skill increases to level 4!
You swap places.
Your ice beast disappears in a puff of smoke!
You see here a stone.
You see here 3 stones.
n - 3 green potions (gained 1);
d - a scroll of identify
Items here: )) [ †† a hand axe; a club; a ring mail; an orc corpse x2
k - a staff of earth You see here an orc corpse.
You swap places.
You see here an orc corpse.
There are no objects that can be picked up here. an orc corpse
Items here: )) [ †† a hand axe; a club; a ring mail; an orc corpse x2
You see here 3 stones.
You swap places.
Items here: )) [ †† a hand axe; a club; a ring mail; an orc corpse x2
You see here an orc corpse.
MP restored: 14 Autochopping corpse.
You butcher the orc corpse.
m - 4 chunks of flesh {@w0} Autoeating chunks.
Eating one of 4 chunks of flesh {@w0}.
You eat one of the 4 chunks of flesh {@w0}.
You are feeling hungry.
Autoeating chunks.
Eating one of 3 chunks of flesh {@w0}.
You eat one of the 3 chunks of flesh {@w0}.
Your ice beast disappears in a puff of smoke!
You see here a stone.
You see here a stone.
q - 2 potions of flight (gained 1)
Things that are here:
a glowing dagger; a robe You see here 4 stones.
You see here 2 stones.
You see here 4 stones.
Found an escape hatch in the floor.
A two-headed ogre is nearby!
A two-headed ogre is nearby!
A chill wind blows around you.
The two-headed ogre shouts in stereo!
You now have 10/14 mp.
A chill wind blows around you.
You now have 6/14 mp.
What are your orders? t - Shout!
Orders for allies: a - Attack new target. r - Retreat! s - Stop attacking. g - Guard the area. f - Follow me.
Anything else - Cancel.
Gang up on whom?
Aim: a two-headed ogre, wielding a giant club and a giant spiked club Attack!
You miscast Ozocubu's Armour.
You are very lightly contaminated with residual magic.
Multicoloured lights dance before your eyes!
Your ice beast hits the two-headed ogre.
Your ice beast freezes the two-headed ogre!
The two-headed ogre hits your ice beast with a giant club!
The two-headed ogre closely misses your ice beast.
You now have 3/14 mp.
A film of ice covers your body!
You are feeling hungry.
Your ice beast hits the two-headed ogre.
Your ice beast freezes the two-headed ogre!
The two-headed ogre closely misses your ice beast.
The two-headed ogre hits your ice beast with a giant spiked club!!
Your ice beast dies!
You now have 1/14 mp.
Your ice beast hits the two-headed ogre.
Your ice beast freezes the two-headed ogre!
You hit the two-headed ogre but do no damage.
Your ice beast hits the two-headed ogre but does no damage.
The two-headed ogre hits you with a giant club!
The two-headed ogre hits you with a giant spiked club!
You take 22 damage, and have 19/41 hp.
MASSIVE DAMAGE!!
You hit the two-headed ogre. You freeze the two-headed ogre.
Your ice beast barely misses the two-headed ogre.
You barely miss the two-headed ogre. The two-headed ogre barely misses you.
The two-headed ogre hits you with a giant spiked club!
* * * LOW HITPOINT WARNING * * *
Your ice beast hits the two-headed ogre but does no damage.
You take 14 damage, and have 5/41 hp.
MASSIVE DAMAGE!!
You barely miss the two-headed ogre.
The two-headed ogre hits you with a giant club!
You die...

.# #.#
##.#.# ?#
#.# #....
#..# .# #..
#.#.#.#..#
.> ... .
...# ## ###.
.. #..# # ..
#..#
>.#.###..#
......Y).#
......O@.#
###.###..#
#....#
#.#..######
#.#..(((..#
#.##.####.#
#.##.# #)#
#.##.#
#(##########
#.##.#
#.(........)


You could see a two-headed ogre and a friendly ice beast.

Vanquished Creatures
  An ogre (D:7)
  A centaur (D:5)
  2 wights (D:6)
  A howler monkey (D:5)
  2 crimson imps
  A bullfrog zombie (D:7)
  2 bullfrog skeletons
  2 hounds
  An orc priest (D:3)
  An iguana (D:4)
  4 worker ants
  7 adders
  3 oozes
  3 adder skeletons
  A worm (D:4)
  2 dart slugs (D:2)
  A leopard gecko (D:3)
  19 orcs
  8 ball pythons
  7 giant cockroaches
  3 goblins
  6 hobgoblins
  3 jackals
  8 kobolds
  4 quokkas
  8 bats
  4 frilled lizards
  A leopard gecko skeleton (D:4)
  2 rats (D:1)
108 creatures vanquished.

Vanquished Creatures (collateral kills)
  Eustachio (D:5)
  An orc warrior (D:4)
  2 eyes of draining (D:6)
  3 ogres
  Blork the orc (D:5)
  A bullfrog (D:3)
  2 scorpions
  5 wights (D:6)
  A crimson imp (D:6)
  Crazy Yiuf (D:6)
  2 orc priests
  Ijyb (D:4)
  An orc wizard (D:7)
  A worker ant (D:4)
  An adder (D:5)
  A gnoll (D:6)
  A shadow imp (D:6)
  A worm (D:6)
  11 orcs
  A giant cockroach (D:3)
  7 jackals (D:4)
  A jackal zombie (D:6)
47 creatures vanquished.

Vanquished Creatures (others)
  A ball python (D:2)
  A plant (D:5)
2 creatures vanquished.

Grand Total: 157 creatures vanquished

Notes
Turn   | Place    | Note
-------+----------+-------------------------------------------
     0 | D:1      | drasked the Deep Elf Ice Elementalist began the quest for the Orb.
     0 | D:1      | Reached XP level 1. HP: 10/10 MP: 6/6
   355 | D:1      | Reached skill level 4 in Ice Magic
   355 | D:1      | Reached XP level 2. HP: 15/15 MP: 6/8
   904 | D:2      | Reached XP level 3. HP: 19/19 MP: 5/9
  1191 | D:2      | Found a stormy altar of Qazlal.
  1205 | D:2      | Reached skill level 5 in Ice Magic
  1412 | D:2      | Found Gozag's Platinum Reserve.
  1428 | D:2      | Found an opulent altar of Gozag.
  1525 | D:2      | Found a shattered altar of Ashenzari.
  1647 | D:2      | Reached XP level 4. HP: 24/24 MP: 6/10
  1652 | D:2      | Learned a level 3 spell: Ozocubu's Armour
  1716 | D:3      | Learned a level 4 spell: Summon Ice Beast
  1728 | D:3      | Found an iron altar of Okawaru.
  1741 | D:3      | Noticed a bullfrog
  1814 | D:3      | Found a faded altar of an unknown god.
  1854 | D:3      | Reached skill level 1 in Charms
  1921 | D:3      | Killed a bullfrog
  1921 | D:3      | Reached skill level 2 in Charms
  1921 | D:3      | Reached skill level 1 in Summonings
  1988 | D:3      | Found a glowing silver altar of Zin.
  2103 | D:3      | Reached skill level 2 in Summonings
  2103 | D:3      | Reached XP level 5. HP: 28/28 MP: 8/11
  2233 | D:3      | Reached skill level 3 in Charms
  2757 | D:4      | Noticed an orc warrior
  2776 | D:4      | Killed an orc warrior
  2776 | D:4      | Reached skill level 4 in Charms
  2776 | D:4      | Reached skill level 3 in Summonings
  2797 | D:4      | Reached XP level 6. HP: 31/32 MP: 2/12
  3639 | D:4      | HP: 8/32 [poisoned by a worker ant]
  3646 | D:4      | HP: 7/32 [poisoned by a worker ant]
  3654 | D:4      | HP: 5/32 [poisoned by a worker ant]
  4025 | D:4      | Found a sacrificial altar of Ru.
  4115 | D:4      | Reached skill level 4 in Summonings
  4115 | D:4      | Reached skill level 6 in Ice Magic
  4344 | D:4      | Noticed Ijyb
  4367 | D:4      | Killed Ijyb
  4564 | D:4      | Found a glowing golden altar of the Shining One.
  4709 | D:4      | Found a shadowy altar of Dithmenos.
  4709 | D:4      | Found a sparkling altar of Nemelex Xobeh.
  4822 | D:5      | Entered Level 5 of the Dungeon
  4850 | D:5      | Reached skill level 5 in Charms
  4875 | D:5      | Found a staircase to the Ecumenical Temple.
  4884 | Temple   | Entered the Ecumenical Temple
  5013 | Temple   | Became a worshipper of Vehumet
  5055 | D:5      | Found a shimmering altar of Xom.
  5095 | D:5      | Reached XP level 7. HP: 16/36 MP: 2/13
  5122 | D:5      | Noticed a two-headed ogre
  5153 | D:5      | Noticed Eustachio
  5155 | D:5      | Noticed Blork the orc
  5415 | D:5      | Killed Blork the orc
  5415 | D:5      | Reached skill level 7 in Ice Magic
  5624 | D:5      | Found a bloodstained altar of Trog.
  5727 | D:5      | Killed Eustachio
  5848 | D:5      | Reached skill level 5 in Summonings
  6256 | D:5      | Found an ancient bone altar of Kikubaaqudgha.
  6639 | D:6      | Found a bloodstained altar of Trog.
  6648 | D:6      | Learned a level 4 spell: Throw Icicle
  6718 | D:6      | Found Rotzafil's Assorted Antiques.
  6726 | D:6      | Bought a viscous emerald potion for 24 gold pieces
  6726 | D:6      | Bought a scroll labeled CIOKHOISIGG for 27 gold pieces
  6973 | D:6      | Reached * piety under Vehumet
  6973 | D:6      | Offered knowledge of Sandblast by Vehumet.
  7000 | D:6      | HP: 9/36 [wight/war axe of freezing (2)]
  7004 | D:6      | Reached skill level 2 in Conjurations
  7344 | D:6      | Reached skill level 3 in Conjurations
  7344 | D:6      | Reached XP level 8. HP: 41/41 MP: 5/14
  7685 | D:6      | Reached skill level 1 in Shields
  7803 | D:6      | Reached skill level 2 in Shields
  8235 | D:6      | Found a runed door.
  8371 | D:6      | Noticed Crazy Yiuf
  8393 | D:6      | Killed Crazy Yiuf
  8621 | D:6      | Reached skill level 3 in Shields
  8888 | D:7      | Got a jewelled dagger
  8890 | D:7      | Identified the +5 dagger of Ashenzari's Pride {freeze, Fragile rElec rF++ rC+} (You found it on level 7 of the Dungeon)
  9084 | D:7      | Reached skill level 4 in Shields
  9139 | D:7      | HP: 5/41 [two-headed ogre/giant club (15)]
  9140 | D:7      | Mangled by a two-headed ogre

Vault maps used:
D:1:      dpeg_arrival_simpleton_c, minmay_misc_feat_room
D:2:      grunt_qazlal_clouds, nicolae_gozag_zags_fifth_avenue,
          nicolae_ashenzari_panopticon, minmay_misc_feat_columns,
          minmay_shallow_snake_nest
D:3:      okawaru_gym_becter, zin_academy, chequers_ecumenical_altar_twisty,
          first_bread
D:4:      overflow_temple_1_default, gammafunk_temple_overflow_pools,
          serial_forest, infiniplex_forest_clump_diagonal,
          infiniplex_forest_lined_3_way, infiniplex_forest_clump_large,
          infiniplex_forest_clump_double, infiniplex_forest_corner_1,
          nicolae_ru_sacrificial_ziggurat, uniq_ijyb
D:5:      wad_lake_hut, kiku_gazebo_garden_becter,
          minmay_temple_entry_purple_smoke, serial_glass, glass_columns_b,
          glass_columns_a, basic_altar, trog_three_pillars_becter,
          uniq_blork_the_orc, uniq_eustachio
D:6:      trog_eyes_of_draining, serial_shops, nicolae_shop_statue_plus,
          uniq_crazy_yiuf_cottage
D:7:      the_bakery
Temple:   nicolae_temple_figure_zero

Skill      XL: |  1  2  3  4  5  6  7  8 |
---------------+-------------------------+-----
Ice Magic      | 4 5 6 7 |  7.7
Charms         | 2 4 5 |  5.0
Summonings     | 2 3 4 5 |  5.1
Conjurations   | 3 |  3.1
Shields        | 4 |  4.0
Dodging        | |  2.4
Stealth        | |  2.4
Spellcasting   | |  3.0

Action                   |  1- 3 |  4- 6 |  7- 9 || total
-------------------------+-------+-------+-------++-------
Melee: Dagger            |     6 |    10 |    10 ||    26
       Short sword       |       |    83 |    38 ||   121
 Cast: Freeze            |    43 |    83 |    26 ||   152
       Ozocubu's Armour  |       |    16 |     6 ||    22
       Summon Ice Beast  |       |     8 |    57 ||    65
Evoke: Wand              |       |       |     2 ||     2
  Use: Scroll            |       |       |    15 ||    15
       Potion            |       |       |     6 ||     6
 Stab: Sleeping          |     4 |     3 |       ||     7
       Distracted        |       |     1 |     1 ||     2
  Eat: Chunk             |     2 |    13 |    19 ||    34
       Fruit             |       |     1 |     6 ||     7
Armor: Robe              |     7 |    39 |    17 ||    63
Dodge: Dodged            |    18 |    92 |    41 ||   151
Block: Buckler           |       |       |     5 ||     5

Vault maps used:
D:1:      dpeg_arrival_simpleton_c, minmay_misc_feat_room
D:2:      grunt_qazlal_clouds, nicolae_gozag_zags_fifth_avenue,
          nicolae_ashenzari_panopticon, minmay_misc_feat_columns,
          minmay_shallow_snake_nest
D:3:      okawaru_gym_becter, zin_academy, chequers_ecumenical_altar_twisty,
          first_bread
D:4:      overflow_temple_1_default, gammafunk_temple_overflow_pools,
          serial_forest, infiniplex_forest_clump_diagonal,
          infiniplex_forest_lined_3_way, infiniplex_forest_clump_large,
          infiniplex_forest_clump_double, infiniplex_forest_corner_1,
          nicolae_ru_sacrificial_ziggurat, uniq_ijyb
D:5:      wad_lake_hut, kiku_gazebo_garden_becter,
          minmay_temple_entry_purple_smoke, serial_glass, glass_columns_b,
          glass_columns_a, basic_altar, trog_three_pillars_becter,
          uniq_blork_the_orc, uniq_eustachio
D:6:      trog_eyes_of_draining, serial_shops, nicolae_shop_statue_plus,
          uniq_crazy_yiuf_cottage
D:7:      the_bakery
Temple:   nicolae_temple_figure_zero

Table legend:
 A = Turns spent in this place as a percentage of turns spent in the entire game.
 B = Non-inter-level travel turns spent in this place as a percentage of non-inter-level travel turns spent in the entire game.
 C = Inter-level travel turns spent in this place as a percentage of turns spent in this place.
 D = Turns resting spent in this place as a percentage of non-inter-level travel turns spent in this place.
 E = Turns spent auto-exploring this place as a percentage of non-inter-level travel turns spent in this place.
 F = Non-inter-level travel turns spent in this place divided by the number of levels of this place that you've seen.
                   A       B       C       D       E      F
               +-------+-------+-------+-------+-------+----------------------
         Total | 100.0 | 100.0 |   0.5 |   2.8 |   6.2 | 377.0
       Dungeon |  98.2 |  98.2 |   0.4 |   2.8 |   6.0 | 423.3
        Temple |   1.8 |   1.8 |   3.6 |   0.0 |  17.0 |  53.0
               +-------+-------+-------+-------+-------+----------------------

Table legend:
 A = Kills in this place as a percentage of kills in entire the game.
 B = Kills by you in this place as a percentage of kills by you in the entire game.
 C = Kills by friends in this place as a percentage of kills by friends in the entire game.
 D = Other kills in this place as a percentage of other kills in the entire game.
 E = Experience gained in this place as a percentage of experience gained in the entire game.
 F = Experience gained in this place divided by the number of levels of this place that you have seen.
                   A       B       C       D       E      F
               +-------+-------+-------+-------+-------+----------------------
         Total | 100.0 | 100.0 | 100.0 |  -nan | 100.0 | 263.8
       Dungeon | 100.0 | 100.0 | 100.0 |  -nan | 100.0 | 301.4
               +-------+-------+-------+-------+-------+----------------------
